 Dungeon Crawl Stone Soup version 0.28.0-47-ge53b351184 (webtiles) character file.

Game seed: 4193577502941070017

422 GigaChad the Covered (level 6, -9/49 HPs)
             Began as a Barachi Fighter on Apr 28, 2022.
             Was an Initiate of Ashenzari.
             Mangled by Prince Ribbit (10 damage)
             ... on level 6 of the Dungeon.
             The game lasted 00:16:14 (4873 turns).

GigaChad the Covered (Barachi Fighter)              Turns: 4873, Time: 00:16:15

Health: -9/49      AC:  7    Str: 15 (17) XL:     6   Next: 95%
Magic:  6/6        EV:  9    Int: 14 (16) God:    Ashenzari [......]
Gold:   234        SH:  5    Dex: 11 (13) Spells: 3/5 levels left

rFire   x . .      SeeInvis .   a - +0 long sword of the Fated Incredulity {Self, Evo} (curse)
rCold   . . .      Faith    .   c - +0 buckler
rNeg    . . .      Spirit   .   b - +0 scale mail
rPois   +          Reflect  .   (no helmet)
rElec   .          Harm     .   (no cloak)
rCorr   .          Rampage  .   (no gloves)
Will    .....                   (no boots)
Stlth   ..........              (no amulet)
HPRegen 0.16/turn               n - ring "Tosamaago" {rPois rC- Int+7}
MPRegen 0.10/turn               m - ring of ice

@: very slow
A: amphibious, slowness 1, strong legs 1, +LOS
a: Hop, Renounce Religion, Shatter the Chains


You were on level 6 of the Dungeon.
You worshipped Ashenzari.
Ashenzari was noncommittal.
You visited 2 branches of the dungeon, and saw 7 of its levels.

You collected 234 gold pieces.

Inventory:

Hand Weapons
 a - the cursed +0 long sword of the Fated Incredulity (weapon) {Self, Evo}

   It has a curse which improves the following skills: Introspection: Fighting
   and Spellcasting.
   Evocations: Evocations.
 i - the +11 trident of the Lurker {vamp, rElec rC+ Will+ Int-2}
   (You found it on level 4 of the Dungeon)

   It occasionally heals its wielder for a portion of the damage dealt when it
   wounds a living foe.
   Int:       It affects your intelligence (-2).
   rC:        It protects you from cold.
   rElec:     It insulates you from electricity.
   Will:      It increases your willpower.
 o - the +5 falchion of Integrity {freeze, *Slow rPois Str-2 Dex+6}
   (You found it on level 6 of the Dungeon)

   It freezes those it strikes, dealing additional cold damage.
   It can also slow down cold-blooded creatures.
   Str:       It affects your strength (-2).
   Dex:       It affects your dexterity (+6).
   rPois:     It protects you from poison.
   *Slow:     It may slow you when you take damage.
Armour
 b - a +0 scale mail (worn)
 c - a +0 buckler (worn)
Jewellery
 m - a ring of ice (right hand)
 n - the ring "Tosamaago" (left hand) {rPois rC- Int+7}
   (You found it on level 6 of the Dungeon)

   [ring of poison resistance]

   Int:       It affects your intelligence (+7).
   rC:        It makes you vulnerable to cold.
   rPois:     It protects you from poison.
Scrolls
 e - 4 scrolls of identify {unknown}
 g - 2 scrolls of teleportation
Potions
 d - a potion of might
 f - a potion of mutation {unknown}
 h - a potion of haste {unknown}
 j - 3 potions of ambrosia {unknown}
 k - 2 potions of attraction {unknown}
 l - 2 potions of berserk rage {unknown}


   Skills:
 + Level 4.1(4.5) Fighting
 + Level 4.3 Long Blades
 + Level 1.0 Polearms
 + Level 6.2 Armour
 + Level 1.9 Dodging
 + Level 1.1 Stealth
 + Level 4.6 Shields


You had 3 spell levels left.
You knew the following spells:

 Your Spells              Type           Power      Damage    Failure   Level
a - Wereblood             Tmut           0%         N/A       89%         2

Your spell library contained the following spells:

 Spells                   Type           Power      Damage    Failure   Level
 Ensorcelled Hibernation  Hex/Ice        0%         N/A       89%         2
 Passwall                 Tmut/Erth      0%         N/A       89%         2
 Sublimation of Blood     Necr           0%         N/A       89%         2
 Swiftness                Air            0%         N/A       98%         3
 Passage of Golubria      Tloc           0%         N/A       100%        4
 Silence                  Hex/Air        0%         N/A       100%        5
 Summon Hydra             Summ           0%         N/A       100%        7
 Lehudib's Crystal Spear  Conj/Erth      0%         10d2      100%        8


Dungeon Overview and Level Annotations

Branches:
Dungeon (6/15)             Temple (1/1) D:4

Altars:
Ashenzari
Cheibriados
Elyvilon
Gozag
Makhleb
Nemelex Xobeh
Okawaru
Qazlal
Trog
Uskayaw
Wu Jian
Xom
Zin
The Shining One

Shops:
D:4 *

Annotations:
D:6 Prince Ribbit


Innate Abilities, Weirdness & Mutations

You are amphibious.
You cover ground slowly.
You can hop short distances.
You have an extended range of vision and can be seen from far away.


Message History

You feel more attuned to ice.
m - a ring of ice (right hand)
The +5 falchion of Integrity {freeze, *Slow rPois Str-2 Dex+6} stops glowing.
a - a +0 long sword (weapon)
Welcome back, GigaChad the Barachi Fighter.
Ashenzari says: Partake of my vision.
Partake of my curse.
Press ? for a list of commands and other information.
Casting: Wereblood (quite dangerous; 89% risk of failure)
Confirm with . or Enter, or press ? or * to list all spells.
Okay, then.
Your +0 long sword glows black for a moment.
Welcome back, GigaChad the Barachi Fighter.
Ashenzari says: Partake of my vision.
Partake of my curse.
Press ? for a list of commands and other information.
You open the door.
Found a trident.
There is an open door here.
Found 18 stones.
Prince Ribbit comes into view.
Prince Ribbit croaks.
A bullfrog skeleton comes into view.
Prince Ribbit blinks!
The bullfrog skeleton closely misses you.
Prince Ribbit hits you.
Prince Ribbit lets out a mournful croak.
Prince Ribbit hits you. Prince Ribbit hits you!
You see here 18 stones.
You completely miss Prince Ribbit.
The bullfrog skeleton barely misses you.
Prince Ribbit hits you!
The bullfrog skeleton barely misses you.
Prince Ribbit hits you!
You closely miss Prince Ribbit.
The bullfrog skeleton completely misses you.
Prince Ribbit hits you!
* * * LOW HITPOINT WARNING * * *
You closely miss Prince Ribbit. You block Prince Ribbit's attack.
The bullfrog skeleton barely misses you.
Prince Ribbit hits you!
You die...

##.####### .## #........#
..## #..#..#..# ##...##
.###..#.....### ##.....###
.............'###.........
.###..#.....##..........#
#..#..#..###.......#.#
#....Z...# ##.....##
##...F@.## ##...##
##.)#### ##'## #....# #.#
#..#... #.# ...###.## #
##.## #..#..#..#
#.####...## .. #......
#.........# . #.#...#
####.#...## .......
#.....†.#######


You could see Prince Ribbit and a bullfrog skeleton.

Vanquished Creatures
  A black bear (D:5)
  2 jellies (D:6)
  An orc priest (D:3)
  2 hounds
  A bullfrog skeleton (D:6)
  2 orc wizards (D:6)
  2 adders
  A white imp (D:6)
  3 worms
  4 dart slugs
  5 orcs
  6 bats
  7 endoplasms
  4 giant cockroaches
  5 goblins
  3 hobgoblins
  3 quokkas
  6 ball pythons
  9 kobolds
  2 rats
  A spectral kobold (D:1)
70 creatures vanquished.

Notes
Turn   | Place    | Note
-------+----------+-------------------------------------------
     0 | D:1      | GigaChad the Barachi Fighter began the quest for the Orb.
     0 | D:1      | Reached XP level 1. HP: 18/18 MP: 1/1
   124 | D:1      | Found a faded altar of an unknown god.
   139 | D:1      | Prayed at the altar of an unknown god.
   139 | D:1      | Became a worshipper of Cheibriados the Contemplative
   139 | D:1      | Reached * piety under Cheibriados
   452 | D:1      | Reached XP level 2. HP: 24/25 MP: 2/2
   530 | D:1      | Reached skill level 4 in Armour
   682 | D:1      | Reached ** piety under Cheibriados
   694 | D:1      | Reached XP level 3. HP: 24/30 MP: 3/3
   857 | D:1      | You fall into a shaft and drop 1 floor!
  1592 | D:2      | Reached skill level 1 in Dodging
  1592 | D:2      | Reached XP level 4. HP: 27/37 MP: 4/4
  1689 | D:3      | Reached *** piety under Cheibriados
  2697 | D:3      | Reached XP level 5. HP: 24/42 MP: 5/5
  3158 | D:4      | Found a staircase to the Ecumenical Temple.
  3273 | Temple   | Entered the Ecumenical Temple
  3427 | Temple   | Fell from the grace of Cheibriados
  3427 | Temple   | Became a worshipper of Ashenzari the Shackled
  3746 | D:4      | Found a glowing silver altar of Zin.
  3831 | D:4      | Found Meude's Assorted Antiques.
  3851 | D:4      | Identified the +11 trident of the Lurker {vamp, rElec rC+
                  | Will+ Int-2}
  3922 | D:5      | Entered Level 5 of the Dungeon
  3922 | D:5      | Noticed a phantom
  4094 | D:5      | Noticed a black bear
  4102 | D:5      | Killed a black bear
  4103 | D:5      | Reached skill level 5 in Armour
  4103 | D:5      | Reached XP level 6. HP: 28/48 MP: 6/6
  4300 | D:6      | Learned a level 2 spell: Wereblood
  4560 | D:6      | Reached skill level 6 in Armour
  4560 | D:6      | Reached skill level 1 in Stealth
  4658 | D:6      | Identified the ring "Tosamaago" {rPois rC- Int+7}
  4828 | D:6      | Reached skill level 1 in Polearms
  4833 | D:6      | Identified the +5 falchion of Integrity {freeze, *Slow
                  | rPois Str-2 Dex+6}
  4864 | D:6      | Noticed Prince Ribbit
  4872 | D:6      | HP: 1/49 [Prince Ribbit (15)]
  4873 | D:6      | Mangled by Prince Ribbit

Illustrated notes

Levels and vault maps discovered:
D:1:      saegor_arrival_fortress, layout_rooms,
          dreamdust_ecumenical_altar_drowned_temple
D:2:      layout_basic
D:3:      layout_basic, minmay_misc_feat_five
D:4:      layout_gridville, zin_academy, minmay_temple_entry_sparse_star,
          serial_shops, shop_statue
D:5:      layout_basic
D:6:      layout_loops_corners, marbit_many_paths, minmay_strange_pillars,
          uniq_prince_ribbit1
Temple:   minmay_temple_bridge_abc

Skill      XL: |  1  2  3  4  5  6 |
---------------+-------------------+-----
Armour         | 4 5 6 |  6.2
Long Blades    | 3 4 |  4.3
Dodging        | 1 |  1.9
Shields        | 4 |  4.6
Fighting       | 4 |  4.1
Stealth        | 1 |  1.1
Polearms       | 1 |  1.0

Action                   |  1- 3 |  4- 6 || total
-------------------------+-------+-------++-------
Melee: Long sword        |   104 |    60 ||   164
       Trident           |       |    27 ||    27
Invok: Curse Item        |       |     1 ||     1
  Use: Scroll            |       |     5 ||     5
Armor: Scale mail        |    78 |    60 ||   138
Dodge: Dodged            |    84 |    76 ||   160
Block: Buckler           |    61 |    38 ||    99
